 Dungeon Crawl Stone Soup version 0.31.0-12-g77e489cdc1 (webtiles) character file.

Game seed: 3388102931615523440

15 Logoto the Firebug (level 2, -1/20 HPs)
             Began as a Hill Orc Fire Elementalist on Feb 20, 2024.
             Slain by a ribbon worm (5 damage)
             ... on level 2 of the Dungeon.
             The game lasted 00:02:28 (1167 turns).

Logoto the Firebug (Hill Orc Fire Elementalist)     Turns: 1167, Time: 00:02:28

Health: -1/20      AC:  2    Str: 10    XL:     2   Next: 50%
Magic:  1/5        EV: 12    Int: 15    God:
Gold:   97         SH:  0    Dex: 11    Spells: 2/5 levels left

rFire   . . .        (no weapon)
rCold   . . .        (no shield)
rNeg    . . .        a - +0 robe
rPois   .            (no helmet)
rElec   .            e - scarf {+Inv}
rCorr   .            (no gloves)
SInv    .            (no boots)
Will    .....        (no amulet)
Stlth   ++           (no ring)
HPRegen 0.23/turn    (no ring)
MPRegen 0.09/turn

%: no passive effects
@: no status effects
A: no striking features
a: Evoke Invisibility


You were on level 2 of the Dungeon.
You visited 1 branch of the dungeon, and saw 2 of its levels.

You collected 97 gold pieces.

Inventory:

Armour
 a - a +0 robe (worn)
 e - a scarf of invisibility (worn)
Jewellery
 g - an amulet of faith
Potions
 b - a potion of magic
 c - a potion of cancellation {unknown}
 d - 2 potions of mutation {unknown}
 f - 3 potions of heal wounds {unknown}


   Skills:
 + Level 1.6 Dodging
 + Level 1.5 Stealth
 + Level 2.0 Spellcasting
 + Level 1.1 Conjurations
 + Level 3.6 Fire Magic


You had 2 spell levels left.
You knew the following spells:

 Your Spells              Type           Power      Damage    Failure   Level
a - Foxfire               Conj/Fire      32%        2x1d5     9%          1
b - Scorch                Fire           24%        2d6       8%          2

Your spell library contained the following spells:

 Spells                   Type           Power      Damage    Failure   Level
 Inner Flame              Hex/Fire       7%         N/A       30%         3
 Volatile Blastmotes      Fire/Tloc      14%        2d11      30%         3
 Flame Wave               Conj/Fire      8%         2d5       63%         4


Dungeon Overview and Level Annotations

Branches:
Dungeon (2/15)

Altars:


Message History

The ribbon worm is almost dead.
The ribbon worm's fire resistance burns away.
Casting: Scorch (safe; 8% risk of failure)
Confirm with . or Enter, or press ? or * to list all spells.
You don't have enough magic to cast this spell.
Casting: Scorch (safe; 8% risk of failure)
Confirm with . or Enter, or press ? or * to list all spells.
You conjure some foxfire!
The ribbon worm expels a string of sticky webbing.
The stream of webbing hits you but does no damage.
You are caught in a web!
A ribbon worm comes into view.
The web tears apart.
The ribbon worm bites you but does no damage.
Your foxfire dissipates!
The ribbon worm completely misses you.
You barely miss the ribbon worm.
The ribbon worm is severely wounded.
The ribbon worm is no longer more vulnerable to fire.
The ribbon worm bites you.
You barely miss the ribbon worm.
The ribbon worm is severely wounded.
The ribbon worm bites you. The ribbon worm bites you!
* * * LOW HITPOINT WARNING * * *
You barely miss the ribbon worm.
The ribbon worm is heavily wounded.
The ribbon worm bites you but does no damage.
The ribbon worm expels a string of sticky webbing.
The stream of webbing hits you but does no damage.
You are caught in a web!
The web tears apart.
You hit the ribbon worm but do no damage.
The ribbon worm is heavily wounded.
The ribbon worm barely misses you.
The ribbon worm expels a string of sticky webbing.
The stream of webbing hits you but does no damage.
You are caught in a web!
The web tears apart.
The ribbon worm closely misses you. The ribbon worm bites you.
You die...

##### #...
#######.#
#...w@w.#
#.#####.###.#
#.<...#
####..)...
####.


You could see 2 ribbon worms.

Vanquished Creatures
  2 ball pythons (D:1)
  2 bats (D:1)
  4 goblins (D:1)
  3 hobgoblins (D:1)
  A frilled lizard (D:1)
  A rat (D:1)
13 creatures vanquished.

Vanquished Creatures (others)
  28 foxfires
28 creatures vanquished.

Grand Total: 41 creatures vanquished

Notes
Turn   | Place    | Note
-------+----------+-------------------------------------------
     0 | D:1      | Logoto the Hill Orc Fire Elementalist began the quest for
                  | the Orb.
     0 | D:1      | Reached XP level 1. HP: 14/14 MP: 3/3
   500 | D:1      | Reached XP level 2. HP: 20/20 MP: 3/5
   506 | D:1      | Learned a level 2 spell: Scorch
  1167 | D:2      | Slain by a ribbon worm

Illustrated notes

Levels and vault maps discovered:
D:1:      dpeg_arrival_central, layout_basic, nicolae_twisty_statue_hallways
D:2:      layout_loops_ring

Skill      XL: |  1 |
---------------+----+-----
Spellcasting   | 2 |  2.0
Dodging        | |  1.6
Stealth        | |  1.5
Conjurations   | |  1.1
Fire Magic     | |  3.6

Action                     || total
---------------------------++-------
  Melee: Unarmed           ||    11
   Cast: Foxfire           ||    24
         Scorch            ||     2
 Armour: Robe              ||    13
  Dodge: Dodged            ||     8
